Map: 2000 Atmospheres LE

Players

Lambo

  • Race: Zerg Zerg
  • League: Grandmaster

Reynor - Winner!

  • Race: Zerg Zerg
  • League: Master

Event: DreamHack SC2 Masters 2021 Summer

VOD

Have the link to the VOD?

Description

Time

  • Played on: June 6, 2021, 11:47 a.m.
  • Length: 6:26

All games in this series

Show
View Real Time Build Order
Export as new Build Order

Lambo Zerg 

Build Orders: Hatch First 

Get SALT Encoding   

  12  0:00  Drone  
  13  0:12  Overlord  
  13  0:17  Drone  
  14  0:30  Drone x2  
  16  0:47  Hatchery  
  15  0:51  Drone  
  15  0:55  Drone  
  17  0:57  Drone  
  18  1:09  Extractor  
  17  1:12  Spawning Pool  
  17  1:16  Drone  
  17  1:19  Drone  
  18  1:28  Drone  
  19  1:38  Drone  
  20  1:50  Drone  
  21  1:59  Queen x2  
  21  2:00  Zergling x2, Overlord  
  26  2:08  Metabolic Boost  
  26  2:09  Drone  
  26  2:10  Drone  
  28  2:21  Drone, Zergling x2  
  30  2:32  Hatchery  
  30  2:36  Drone  
  30  2:38  Drone  
  30  2:43  Drone  
  32  2:47  Baneling Nest  
  32  2:50  Overlord  
  31  2:54  Drone  
  31  2:55  Drone  
  33  3:06  Zergling x2  
  33  3:08  Drone x2  
  33  3:09  Drone x2  
  33  3:11  Zergling x2  
  39  3:13  Zergling x2  
  39  3:15  Zergling x2  
  41  3:20  Overlord  
  41  3:30  Evolution Chamber  
  41  3:33  Baneling x2  
  40  3:35  Queen  
  40  3:39  Zergling x10  
  47  3:48  Zergling x4  
  47  3:49  Zergling x2  
  50  4:01  Roach Warren  
  48  4:03  Extractor  
  48  4:06  Drone x5  
  52  4:10  Drone x2  
  52  4:14  Baneling x2  
  52  4:15  Drone  
  52  4:16  Drone  
  56  4:20  Drone x2  
  58  4:26  Zerg Missile Weapons Level 1  
  58  4:28  Overlord  
  57  4:35  Overlord  
  57  4:37  Overlord  
  57  4:41  Overlord  
  57  4:43  Overlord  
  57  4:48  Overlord  
  57  4:50  Drone x3  
  60  4:54  Drone x2  
  62  5:03  Drone x3  
  62  5:05  Drone  
  66  5:08  Drone x2  
  66  5:11  Drone x3  
  66  5:13  Drone  
  72  5:19  Drone x4  
  71  5:28  Roach x4  
  71  5:34  Roach x2  
  78  5:36  Drone  
  78  5:38  Overlord  
  78  5:41  Roach  
  81  5:45  Roach x2  
  81  5:47  Baneling x3  
  84  5:50  Roach x3  
  84  5:52  Baneling  
  89  5:57  Roach  
  89  6:00  Roach  
  83  6:06  Roach  
  83  6:07  Zergling x12  
Show
View Real Time Build Order
Export as new Build Order

Reynor Zerg - Winner!

Build Orders: Hatch First 

Get SALT Encoding   

  12  0:00  Drone  
  13  0:12  Overlord  
  13  0:16  Drone  
  14  0:30  Drone x2  
  16  0:47  Hatchery  
  15  0:50  Drone  
  15  0:54  Drone  
  17  0:57  Drone  
  18  1:08  Extractor  
  17  1:13  Spawning Pool  
  17  1:17  Drone  
  17  1:20  Drone  
  18  1:27  Drone  
  19  1:38  Drone  
  20  1:49  Drone  
  21  1:59  Queen x2, Overlord  
  21  2:00  Zergling x2  
  26  2:09  Drone  
  26  2:10  Drone, Metabolic Boost  
  28  2:21  Drone x2  
  30  2:33  Hatchery  
  30  2:35  Drone  
  30  2:39  Drone  
  31  2:44  Drone  
  31  2:45  Overlord  
  32  2:55  Drone x2  
  34  2:58  Baneling Nest  
  34  3:04  Zergling x4  
  35  3:06  Overlord  
  35  3:07  Zergling x4  
  35  3:09  Zergling x2  
  35  3:11  Zergling x2  
  39  3:13  Zergling x2  
  39  3:19  Queen  
  42  3:22  Zergling x2  
  42  3:25  Drone  
  44  3:29  Drone x2  
  46  3:34  Evolution Chamber  
  46  3:37  Drone x2  
  46  3:39  Overlord  
  47  3:42  Drone  
  47  3:45  Drone x2  
  49  3:56  Drone x4  
  49  4:00  Zerg Ground Armor Level 1  
  53  4:04  Zergling x6  
  53  4:06  Overlord  
  53  4:08  Drone  
  57  4:15  Baneling  
  57  4:17  Roach Warren  
  55  4:19  Baneling  
  55  4:20  Extractor  
  55  4:21  Extractor, Zergling x6  
  56  4:27  Baneling  
  56  4:29  Drone x3  
  56  4:30  Drone x2  
  61  4:35  Overlord  
  61  4:39  Drone x4  
  61  4:42  Overlord  
  64  4:51  Overlord  
  68  5:00  Roach x5  
  68  5:01  Roach  
  76  5:10  Roach  
  76  5:13  Roach  
  76  5:14  Roach x2  
  84  5:21  Overlord  
  84  5:22  Roach x3  
  84  5:23  Zergling x2  
  84  5:28  Zergling x6  
  91  5:33  Zergling x8  
  90  5:37  Overlord  
  90  5:38  Baneling x4  
  90  5:39  Zergling x2  
  91  5:44  Zergling x2  
  91  5:48  Zergling x4  
  94  5:54  Zergling x6  
  96  6:00  Zergling x6  
  95  6:05  Zergling x2  
  95  6:07  Zergling x8  
  95  6:11  Drone x4  
Tags
 
Add a new tag
Caveats
  • Supply blocks, unpowered buildings, or Contaminate may cause inaccurate times.
  • Supply counts are checked every 10 seconds.